 Dungeon Crawl Stone Soup version 0.30-a0-913-g9934a0ce24 (webtiles) character file.

Game seed: 16212347599752917878

443 fozzywoppz the Trooper (level 7, -6/44 HPs)
             Began as a Gargoyle Fighter on Mar 19, 2023.
             Killed from afar by a steam dragon (10 damage)
             ... with a ball of steam
             ... on level 6 of the Dungeon.
             The game lasted 00:06:11 (2804 turns).

fozzywoppz the Trooper (Gargoyle Fighter)           Turns: 2804, Time: 00:06:11

Health: -6/44      AC:  9    Str: 27    XL:     7   Next: 2%
Magic:  7/7        EV: 10    Int:  8    God:
Gold:   227        SH:  5    Dex: 11    Spells: 6/6 levels left

rFire   . . .      SeeInvis .      - Unarmed
rCold   + . .      Faith    .    b - +0 buckler
rNeg    + . .      Spirit   .    s - +0 leather armour "Fewnimiu" {Str+7}
rPois   ∞          Reflect  .    (no helmet)
rElec   +          Rampage  .    q - +0 cloak
rCorr   .                        (no gloves)
Will    .....                    (no boots)
Stlth   +                        (no amulet)
HPRegen 0.27/turn                f - ring of protection from cold
MPRegen 0.10/turn                (no ring)

@: mighty
A: sickness immunity, AC +4, negative energy resistance 1, electricity
resistance, torment resistance 1, petrification resistance
a: no special abilities


You were on level 6 of the Dungeon.
You visited 1 branch of the dungeon, and saw 5 of its levels.

You collected 227 gold pieces.

Inventory:

Armour
 b - a +0 buckler (worn)
 n - a +0 chain mail
 q - a +0 cloak (worn)
 s - the +0 leather armour "Fewnimiu" (worn) {Str+7}
   (You found it on level 2 of the Dungeon)

   Str:       It affects your strength (+7).
Jewellery
 f - a ring of protection from cold (left hand)
Wands
 i - a wand of flame (19)
 r - a wand of quicksilver (7)
Scrolls
 a - a scroll of acquirement {unknown}
 d - 2 scrolls of fog {unknown}
 e - 2 scrolls of teleportation {unknown}
 h - 3 scrolls of identify {unknown}
 j - 2 scrolls of magic mapping {unknown}
 k - a scroll of fear {unknown}
 l - a scroll of blinking {unknown}
 m - a scroll of amnesia {unknown}
 o - a scroll of summoning {unknown}
 w - a scroll of silence {unknown}
Potions
 g - 2 potions of attraction {unknown}
 p - a potion of cancellation {unknown}
 t - 2 potions of curing {unknown}
 u - a potion of ambrosia {unknown}
 v - a potion of lignification {unknown}


   Skills:
 + Level 5.1 Fighting
 - Level 5.0 Armour
 - Level 5.0 Shields
 + Level 4.0 Unarmed Combat


You had 6 spell levels left.
You didn't know any spells.
Your spell library contained the following spells:

 Spells                   Type           Power      Damage    Failure   Level
 Apportation              Tloc           0%         N/A       54%         1
 Slow                     Hex            0%         N/A       54%         1
 Confusing Touch          Hex            0%         N/A       88%         3
 Vampiric Draining        Necr           0%         2d6       88%         3
 Alistair's Intoxication  Tmut/Pois      0%         N/A       100%        5


Dungeon Overview and Level Annotations

Branches:
Dungeon (4/15)
 Temple: D:4-7

Altars:


Innate Abilities, Weirdness & Mutations

You are immune to sickness and miasma.
Your stone body is resilient. (AC +4)
You are immune to poison.
You resist negative energy. (rN+)
You are resistant to electric shocks. (rElec)
You are resistant to unholy torment.
You are immune to petrification.


Message History

You closely miss the orc. You block the orc's attack.
The orc hits you but does no damage. The orc barely misses you.
You punch the orc!
You kill the orc!
The orc hits you but does no damage. You block the orc's attack.
You barely miss the steam dragon. The orc hits you with a +0 short sword.
You block the orc's attack. You block the steam dragon's attack.
The steam dragon closely misses you.
You hit the steam dragon.
The steam dragon is lightly wounded.
The orc hits you but does no damage. You block the orc's attack.
The steam dragon bites you but does no damage.
The steam dragon claws you but does no damage.
You barely miss the steam dragon.
The steam dragon is lightly wounded.
The orc barely misses you. The orc hits you with a +0 club.
The steam dragon breathes steam at you. The ball of steam hits you!
The ball of steam hits the orc.
The orc dies!
You hear a bark!
The steam dragon attacks as you move away!
The steam dragon bites you but does no damage.
The steam dragon claws you but does no damage.
You punch the steam dragon!
The steam dragon is heavily wounded.
You are engulfed in a cloud of scalding steam.
* * * LOW HITPOINT WARNING * * *
The steam dragon misses you.
The steam dragon claws you but does no damage.
You punch the steam dragon!
The steam dragon is almost dead.
You hear the slow rusting of a very distant drain.
You are engulfed in a cloud of scalding steam.
* * * LOW HITPOINT WARNING * * *
The steam dragon closely misses you.
The steam dragon claws you but does no damage.
The steam dragon breathes steam at you. The ball of steam hits you!
You die...

#.# #.# #.#
#.##### #####
#.....# #.[.
#.###.###.### #
#.#.@.......#
#.###.#§#§###.#.#
#...))D§.§#
#.....#
#.#####.###
###.### o. ...#
.# ## ##### #


You could see a steam dragon (catching breath).

Vanquished Creatures
  Duvessa (D:4)
  Dowan (D:4)
  An orc priest (D:3)
  4 orc wizards
  8 adders
  5 dart slugs
  7 orcs
  5 bats
  4 endoplasms
  4 giant cockroaches
  12 goblins
  6 hobgoblins
  6 kobolds
  6 quokkas
  6 ball pythons
  9 frilled lizards
  6 rats
91 creatures vanquished.

Vanquished Creatures (others)
  An orc (D:6)
1 creature vanquished.

Grand Total: 92 creatures vanquished

Notes
Turn   | Place    | Note
-------+----------+-------------------------------------------
     0 | D:1      | fozzywoppz the Gargoyle Fighter began the quest for the
                  | Orb.
     0 | D:1      | Reached XP level 1. HP: 14/14 MP: 1/1
   228 | D:1      | Reached XP level 2. HP: 19/19 MP: 2/2
   660 | D:1      | Reached XP level 3. HP: 22/23 MP: 3/3
  1048 | D:2      | Reached XP level 4. HP: 29/29 MP: 4/4
  1440 | D:2      | Identified the +0 leather armour "Fewnimiu" {Str+7}
  1713 | D:2      | Identified the +3 ring mail of Hupsioza {Int+7}
  1856 | D:3      | Reached XP level 5. HP: 26/33 MP: 5/5
  2486 | D:3      | Reached XP level 6. HP: 39/39 MP: 6/6
  2586 | D:4      | Noticed Dowan
  2587 | D:4      | Noticed Duvessa
  2609 | D:4      | Killed Duvessa
  2626 | D:4      | Killed Dowan
  2627 | D:4      | Reached skill level 5 in Shields
  2723 | D:4      | Reached skill level 5 in Fighting
  2723 | D:4      | Reached skill level 5 in Armour
  2753 | D:4      | You fall into a shaft and drop 2 floors!
  2767 | D:6      | Noticed a steam dragon
  2786 | D:6      | Reached XP level 7. HP: 44/44 MP: 7/7
  2804 | D:6      | Killed from afar by a steam dragon

Illustrated notes

Levels and vault maps discovered:
D:1:      dpeg_arrival_three_smaller_balls, layout_basic, dk_noncrumbling_3,
          minmay_pentomino_r4
D:2:      layout_basic, serial_curves, eino_curves_02, eino_curves_02,
          minmay_quantized
D:3:      layout_rooms
D:4:      layout_basic, kennysheep_generic_room_10, uniq_duvessa,
          uniq_blork_the_orc
D:6:      layout_loops_ring, cheibrodos_sewer_entry_bend

Skill      XL: |  1  2  3  4  5  6 |
---------------+-------------------+-----
Shields        | 4 5 |  5.0
Fighting       | 4 5 |  5.1
Armour         | 4 5 |  5.0
Unarmed Combat | 3 4 |  4.0

Action                     |  1- 3 |  4- 6 |  7- 9 || total
---------------------------+-------+-------+-------++-------
  Melee: Unarmed           |   175 |   280 |    12 ||   467
    Use: Potion            |       |     2 |       ||     2
 Armour: Scale mail        |    70 |    32 |       ||   102
         Leather armour    |       |   111 |    11 ||   122
         Chain mail        |       |     3 |       ||     3
  Dodge: Dodged            |    71 |   133 |     8 ||   212
  Block: Buckler           |    31 |    70 |     6 ||   107

Table legend: (Time is in decaauts)
 A = Elapsed time spent in this place.
 B = Non-inter-level travel time spent in this place.
 C = Inter-level travel time spent in this place.
 D = Time resting spent in this place.
 E = Time spent auto-exploring this place.
 F = Levels seen in this place.
 G = Mean time per level.
                   A        B        C        D        E       F      G
               +--------+--------+--------+--------+--------+-----+--------+
         Total |   2798 |   2746 |     52 |     80 |   1630 |   5 |  559.6 |
       Dungeon |   2798 |   2746 |     52 |     80 |   1630 |   5 |  559.6 |
               +--------+--------+--------+--------+--------+-----+--------+

Top non-repeatable levels by time:
     D:2: 1043 daAuts
     D:1: 869 daAuts
     D:3: 661 daAuts
     D:4: 173 daAuts
     D:6: 50 daAuts
